 Dungeon Crawl Stone Soup version 0.28.0-53-g5a82cb258f (webtiles) character file.

Game seed: 4468774766020072487

163 Zeld the Chiller (level 5, -2/35 HPs)
             Began as a Merfolk Ice Elementalist on May 21, 2022.
             Slain by a lemure (9 damage)
             ... led by Pikel
             ... on level 4 of the Dungeon.
             The game lasted 00:04:18 (5341 turns).

Zeld the Chiller (Merfolk Ice Elementalist)         Turns: 5341, Time: 00:04:19

Health: -2/35      AC:  2    Str:  8    XL:     5   Next: 44%
Magic:  10/10      EV: 13    Int: 17    God:
Gold:   65         SH:  0    Dex: 14    Spells: 4/11 levels left

rFire   . . .      SeeInvis .   a - +0 trident
rCold   . . .      Faith    .   (no shield)
rNeg    . . .      Spirit   .   j - +0 robe
rPois   .          Reflect  .   (no helmet)
rElec   .          Harm     .   (no cloak)
rCorr   .          Rampage  .   (no gloves)
Will    .....                   (no boots)
Stlth   ++........              (no amulet)
HPRegen 0.11/turn               (no ring)
MPRegen 0.12/turn               (no ring)

@: no status effects
A: (nimble swimmer 2), mertail
a: no special abilities


You were on level 4 of the Dungeon.
You visited 1 branch of the dungeon, and saw 4 of its levels.

You collected 205 gold pieces.
You spent 140 gold pieces at shops.

Inventory:

Hand Weapons
 a - a +0 trident (weapon)
Armour
 j - a +0 robe (worn)
Wands
 d - a wand of charming (9)
 g - a wand of flame (6)
Scrolls
 c - 2 scrolls of blinking
 f - a scroll of enchant armour {unknown}
 i - a scroll of noise {unknown}
 k - 2 scrolls of teleportation
Potions
 b - a potion of brilliance {unknown}
 e - 2 potions of curing {unknown}
 h - a potion of heal wounds {unknown}
 l - a potion of lignification {unknown}


   Skills:
 + Level 4.0 Dodging
 - Level 2.1 Stealth
 * Level 3.5 Spellcasting
 * Level 5.6 Ice Magic


You had 4 spell levels left.
You knew the following spells:

 Your Spells              Type           Power      Damage    Failure   Level
a - Freeze                Ice            88%        1d10      1%          1
b - Frozen Ramparts       Ice            44%        1d6       4%          3
c - Ozocubu's Armour      Ice            22%        N/A       4%          3

Your spell library contained the following spells:

 Spells                   Type           Power      Damage    Failure   Level
 Ignite Poison            Fire/Tmut/Pois 3%         N/A       45%         3
 Mephitic Cloud           Conj/Pois/Air  3%         N/A       45%         3
 Hailstorm                Conj/Ice       12%        3d5       45%         4
 Freezing Cloud           Conj/Ice/Air   4%         6-21      91%         5
 Ozocubu's Refrigeration  Ice            11%        4d7       100%        7


Dungeon Overview and Level Annotations

Branches:
Dungeon (4/15)
 Temple: D:4-7

Altars:
Cheibriados
Ru

Shops:
D:1 ?   D:3 (

Annotations:
D:4 Pikel


Innate Abilities, Weirdness & Mutations

((You are very nimble when in or above water. (Stealth+, EV+, Speed+++)))
Your lower body shifts to a powerful aquatic tail in water.


Message History

Unknown command.
Casting: Freeze (safe; 1% risk of failure)
Confirm with . or Enter, or press ? or * to list all spells.
Aiming: Freeze (safe; 1% risk of failure)
Press: ? - help, Shift-Dir - straight line, f/p - Natasha
Aim: Natasha (severely wounded)
You freeze Natasha.
Natasha is severely wounded.
Natasha claws you!
* * * LOW HITPOINT WARNING * * *
Casting: Freeze (safe; 1% risk of failure)
Confirm with . or Enter, or press ? or * to list all spells.
Aiming: Freeze (safe; 1% risk of failure)
Press: ? - help, Shift-Dir - straight line, f/p - Natasha
Aim: Natasha (severely wounded)
You freeze Natasha.
You kill Natasha!
Natasha screams in fury as she dies!
Your Dodging skill increases to level 4!
Unknown command.
You start resting.
Magic restored.
You start resting.
Pikel is nearby!
Pikel is nearby!
Pikel is nearby!
You see here a giant cockroach corpse.
Pikel is nearby!
Pikel is nearby!
Pikel is nearby!
Pikel shouts!
The lemure shouts! x2
The lemure hits you!
Pikel cracks his whip.
The lemure hits you.
* * * LOW HITPOINT WARNING * * *
Things that are here:
5 stones; a +0 club The lemure hits you!
You die...

...# #.# #...K..#.#
#.# ...########
#.###(######.# #.#
...##.....###..<#.#
#.# #.#
...''.....'.......##
#.######.#
...##.....#......K.#
#.#.......
...##.....#........#
#.#.####.#
...##.....#.....5..#
#.........
...#############.5.#
###.####.# ...#
#.#@..#######..<....
...#
#...........#.#....#
...#
#.##.######.#......#
...# #.##.#
#.#...)..# ####
#.##.# #.#......#
#.##.# #.#..#....
#.##.# #.#..#...#
#.##.######.#..##..#
#.##........#...#..#


You could see Pikel and 2 lemures.

Vanquished Creatures
  2 lemures
  A jelly (D:4)
  Natasha (D:4)
  4 adders
  2 worms
  A dart slug (D:4)
  7 orcs
  4 endoplasms
  3 giant cockroaches
  5 goblins
  7 hobgoblins
  7 kobolds
  9 ball pythons
  3 bats
  5 rats
61 creatures vanquished.

Vanquished Creatures (others)
  18 plants (D:3)
18 creatures vanquished.

Grand Total: 79 creatures vanquished

Notes
Turn   | Place    | Note
-------+----------+-------------------------------------------
     0 | D:1      | Zeld the Merfolk Ice Elementalist began the quest for the
                  | Orb.
     0 | D:1      | Reached XP level 1. HP: 13/13 MP: 3/3
   498 | D:1      | Reached XP level 2. HP: 19/19 MP: 1/5
   710 | D:1      | Found Soesuyt's Magic Scroll Boutique.
  1647 | D:2      | Reached XP level 3. HP: 24/24 MP: 3/6
  1651 | D:2      | Learned a level 3 spell: Frozen Ramparts
  1655 | D:2      | Learned a level 3 spell: Ozocubu's Armour
  2067 | D:2      | Reached skill level 5 in Ice Magic
  2493 | D:1      | Bought a scroll of identify for 28 gold pieces
  2493 | D:1      | Bought a scroll of identify for 28 gold pieces
  2531 | D:3      | Found Ypiawk's Weapon Shop.
  2982 | D:3      | Reached XP level 4. HP: 27/30 MP: 3/8
  3244 | D:3      | Found a faded altar of an unknown god.
  3340 | D:3      | Found a snail-covered altar of Cheibriados.
  3928 | D:1      | Bought a scroll of teleportation for 42 gold pieces
  3994 | D:4      | Reached XP level 5. HP: 35/35 MP: 0/10
  4092 | D:4      | Found a sacrificial altar of Ru.
  4101 | D:4      | Noticed a lemure
  4129 | D:4      | Killed a lemure
  4215 | D:4      | Noticed Pikel
  4464 | D:4      | Noticed a necrophage
  4663 | D:1      | Bought a scroll of teleportation for 42 gold pieces
  4713 | D:4      | Noticed a lemure
  4713 | D:4      | Noticed a lemure
  4713 | D:4      | Noticed a lemure
  4757 | D:3      | Killed a lemure
  5206 | D:4      | Noticed Natasha
  5214 | D:4      | Killed Natasha
  5341 | D:4      | Slain by a lemure

Illustrated notes

Levels and vault maps discovered:
D:1:      psy_arrival_heroes, layout_loops_corners, serial_shops,
          nicolae_shop_statue_plus, grunt_decor_mini_mirrors,
          nrook_loot_triangle, minmay_misc_feat_alley
D:2:      layout_loops_ring
D:3:      layout_loops_cross, mainiacjoe_overflow_chevrons, serial_shops,
          nicolae_shop_crystal, nicolae_ecumenical_snake_handling
D:4:      layout_basic, mainiacjoe_overflow_alcove_4, uniq_natasha, uniq_pikel

Skill      XL: |  1  2  3  4  5 |
---------------+----------------+-----
Dodging        | 3 4 |  4.0
Ice Magic      | 5 |  5.6
Spellcasting   | 3 |  3.5
Stealth        | |  2.1

Action                   |  1- 3 |  4- 6 || total
-------------------------+-------+-------++-------
Melee: Unarmed           |    24 |     4 ||    28
       Trident           |       |    26 ||    26
       Punch             |       |     1 ||     1
 Cast: Freeze            |    52 |    44 ||    96
       Frozen Ramparts   |     1 |     3 ||     4
       Ozocubu's Armour  |       |     2 ||     2
  Use: Scroll            |       |     2 ||     2
 Stab: Sleeping          |     1 |     3 ||     4
Armor: Robe              |    11 |     3 ||    14
Dodge: Dodged            |    42 |    36 ||    78
